 Dungeon Crawl Stone Soup version 0.22-a0-293-gc9362ec (webtiles) character file.

642 Sharkov the Cutter (level 7, -4/43 HPs)
             Began as a Kobold Wanderer on Mar 24, 2018.
             Slain by Menkaure (11 damage)
             ... on level 6 of the Dungeon.
             The game lasted 00:09:46 (6516 turns).

Sharkov the Cutter (Kobold Wanderer)                Turns: 6516, Time: 00:09:47

Health: -4/43      AC:  5    Str: 11    XL:     7   Next: 81%
Magic:  7/7        EV: 16    Int: 19    God:
Gold:   184        SH:  0    Dex: 14    Spells: 6/6 levels left

rFire    . . .     SeeInvis .   g - +0 short sword (drain)
rCold    . . .     Gourm    .   (shield restricted)
rNeg     . . .     Faith    .   e - +0 leather armour
rPois    .         Spirit   .   l - +0 helmet
rElec    .         Reflect  .   (no cloak)
rCorr    .         Harm     .   h - +0 pair of gloves
MR       .....                  (no boots)
Stlth    +.........             (no amulet)
HPRegen  0.14/turn              (no ring)
MPRegen  0.10/turn              (no ring)

@: brilliant, about to teleport
A: small, carnivore
a: no special abilities


You were on level 6 of the Dungeon.
You were not hungry.

You visited 1 branch of the dungeon, and saw 6 of its levels.

You collected 184 gold pieces.

Inventory:

Hand Weapons
 a - a +2 falchion
 g - a +0 short sword of draining (weapon)
 i - a cursed -1 hunting sling
 w - a +0 shortbow
Missiles
 b - 80 stones (quivered)
 j - 22 sling bullets
 x - 28 arrows
Armour
 e - a +0 leather armour (worn)
 h - a +0 pair of gloves (worn)
 l - a +0 helmet (worn)
Jewellery
 m - an uncursed ring of flight
 t - a cursed ring of positive energy
 u - a cursed amulet of faith {unknown}
Scrolls
 f - 2 scrolls of immolation
 k - a scroll of fear {unknown}
 q - 2 scrolls of magic mapping {unknown}
 r - 3 scrolls of amnesia {unknown}
 y - 2 scrolls of fog {unknown}
Comestibles
 d - 7 rations


   Skills:
 - Level 4.0 Fighting
 - Level 5.2(5.5) Short Blades
 - Level 1.5(2.6) Long Blades
   Level 1.1 Maces & Flails
   Level 1.5 Polearms
 + Level 4.1 Bows
 - Level 1.1 Throwing
 - Level 4.8 Dodging
 + Level 1.0 Stealth
 - Level 1.2 Evocations


You had 6 spell levels left.
You didn't know any spells.

Dungeon Overview and Level Annotations

Branches:
Dungeon (6/15)
 Temple: D:4-7

Altars:
Ashenzari
Cheibriados
Elyvilon
Fedhas
Gozag
Hepliaklqana

Annotations:
D:2 Robin
D:3 Nr616's ghost, amateur GrFi
D:4 Edmund; anet's ghost, novice GnFi
D:6 Menkaure


Innate Abilities, Weirdness & Mutations

You are small and have problems with some larger weapons.
You are carnivorous and can eat meat at any time.


Message History

You hit Menkaure.
Menkaure is moderately damaged.
Menkaure misses you.
You closely miss Menkaure.
Menkaure is moderately damaged.
Menkaure hits you!
You hit Menkaure.
Menkaure is heavily damaged.
Menkaure calls on the powers of darkness!
Your body is wracked with pain!
* * * LOW HITPOINT WARNING * * *
You hit Menkaure but do no damage.
Menkaure is moderately damaged.
Menkaure completely misses you.
Menkaure calls on the powers of darkness!
Your body is wracked with pain!
* * * LOW HITPOINT WARNING * * *
As you read the scroll of teleportation, it crumbles to dust.
You feel strangely unstable. Menkaure completely misses you. Menkaure hits you!
You die...

#.# #.# #.# #.#
#.# #########.#
..........#
###########.###
#.@..[..#...#
#M#####.#...#
#.# #.##.## #.#
#....# ..#
###### ###


You could see Menkaure.

Vanquished Creatures
  An ice beast (D:6)
  A centaur (D:5)
  2 bullfrogs (D:6)
  A scorpion (D:5)
  2 orc wizards (D:5)
  Natasha (thrice) (D:3)
  2 worker ants (D:5)
  A hound skeleton (D:6)
  2 adders
  An ooze (D:3)
  3 dart slugs
  A leopard gecko (D:3)
  8 orcs
  2 ball pythons
  3 bats (D:1)
  3 giant cockroaches
  5 goblins
  5 hobgoblins
  9 jackals
  6 kobolds
  4 frilled lizards
  A jackal zombie (D:5)
  A quokka skeleton (D:5)
67 creatures vanquished.

Notes
Turn   | Place    | Note
-------+----------+-------------------------------------------
     0 | D:1      | Sharkov the Kobold Wanderer began the quest for the Orb.
     0 | D:1      | Sharkov set off with: a +2 falchion, 2 potions of lignification, a +0 robe, a ration
     0 | D:1      | Reached XP level 1. HP: 12/12 MP: 1/1
   407 | D:1      | Reached XP level 2. HP: 15/18 MP: 2/2
   484 | D:1      | Reached skill level 1 in Maces & Flails
  1107 | D:1      | Reached skill level 1 in Short Blades
  1310 | D:1      | Reached XP level 3. HP: 18/22 MP: 3/3
  1338 | D:1      | Reached skill level 2 in Short Blades
  1662 | D:2      | Noticed Robin
  1807 | D:3      | Reached skill level 3 in Short Blades
  1925 | D:3      | Reached XP level 4. HP: 26/27 MP: 4/4
  2412 | D:3      | Noticed Natasha
  2627 | D:4      | Noticed anet's ghost (novice GnFi)
  2632 | D:5      | Entered Level 5 of the Dungeon
  2680 | D:5      | Noticed a centaur
  2693 | D:5      | Killed a centaur
  2693 | D:5      | Reached skill level 4 in Short Blades
  2693 | D:5      | Reached XP level 5. HP: 21/32 MP: 5/5
  2975 | D:5      | Reached XP level 6. HP: 38/38 MP: 6/6
  3883 | D:3      | Killed Natasha
  4009 | D:3      | Noticed Natasha
  4020 | D:3      | Killed Natasha
  4020 | D:3      | Reached skill level 5 in Short Blades
  4725 | D:3      | Noticed Nr616's ghost (amateur GrFi)
  4738 | D:3      | Noticed Natasha
  4748 | D:3      | Killed Natasha
  4890 | D:4      | Noticed Edmund
  4898 | D:5      | Found a shattered altar of Ashenzari.
  4898 | D:5      | Found a hazy altar of Hepliaklqana.
  4898 | D:5      | Found an opulent altar of Gozag.
  4902 | D:5      | Found a blossoming altar of Fedhas.
  4903 | D:5      | Found a white marble altar of Elyvilon.
  4905 | D:5      | Found a snail-covered altar of Cheibriados.
  5236 | D:6      | Reached XP level 7. HP: 3/43 MP: 7/7
  6456 | D:6      | Reached skill level 1 in Stealth
  6504 | D:6      | Noticed Menkaure
  6516 | D:6      | Slain by Menkaure

Vault maps used:
D:1:      zelgadis_glass_arrival_small
D:2:      minmay_liquid_box, uniq_robin
D:3:      uniq_natasha
D:4:      cheibrodos_pilgrimage, first_ration, st_stairs_13, uniq_edmund
D:5:      minitemple
D:6:      uniq_menkaure

Skill      XL: |  1  2  3  4  5  6  7 |
---------------+----------------------+-----
Maces & Flails | 1 |  1.1
Short Blades   | 1 3 4 5 |  5.2
Dodging        | 3 4 |  4.8
Fighting       | 3 4 |  4.0
Bows           | 2 4 |  4.1
Stealth        | 1 |  1.0
Long Blades    | |  1.5
Polearms       | |  1.5
Throwing       | |  1.1
Evocations     | |  1.2

Action                   |  1- 3 |  4- 6 |  7- 9 || total
-------------------------+-------+-------+-------++-------
Melee: Falchion          |    14 |     7 |     4 ||    25
       Whip              |    32 |       |       ||    32
       Short sword       |    58 |   165 |    42 ||   265
 Fire: Shortbow          |       |    13 |       ||    13
Throw: Stone             |       |     4 |       ||     4
  Use: Scroll            |     4 |     2 |     2 ||     8
       Potion            |       |     6 |     1 ||     7
  Eat: Chunk             |     8 |     7 |     3 ||    18
Armor: Leather armour    |    19 |    35 |     8 ||    62
       Robe              |     1 |       |       ||     1
       Skin              |       |    42 |       ||    42
Dodge: Dodged            |    87 |   141 |    23 ||   251
       Rpst.: Falchion   |     6 |     4 |       ||    10

Table legend:
 A = Spawn XP
 B = Non-spawn XP
 C = Spawn XP percentage of total XP
 D = Spawn monster count
 E = Non-spawn monster count
 F = Spawn count percentage of total count
 G = Total turns spent on level
                    A         B        C        D         E        F      G
               +---------+---------+-------+---------+---------+-------+---------
         Total |       0 |     918 |   0.0 |       0 |      67 |   0.0 |  6516
               +---------+---------+-------+---------+---------+-------+---------
           D:1 |       0 |      40 |   0.0 |       0 |      21 |   0.0 |  1483
           D:2 |       0 |      19 |   0.0 |       0 |       3 |   0.0 |   185
           D:3 |       0 |     154 |   0.0 |       0 |      22 |   0.0 |  1893
           D:4 |       0 |      20 |   0.0 |       0 |       4 |   0.0 |   198
           D:5 |       0 |     347 |   0.0 |       0 |      13 |   0.0 |  1697
           D:6 |       0 |     338 |   0.0 |       0 |       4 |   0.0 |  1060
               +---------+---------+-------+---------+---------+-------+---------
